 Dungeon Crawl Stone Soup version 0.17.1-3-g152610e (webtiles) character file.

2465 MenacingMecha the Severer (level 9, -9/70 HPs)
             Began as a Hill Orc Fighter on Feb 23, 2016.
             Was a Priest of Okawaru.
             Mangled by Erica
             ... wielding a +3 scimitar of flaming
              (10 damage)
             ... on level 8 of the Dungeon.
             The game lasted 00:24:45 (6055 turns).

MenacingMecha the Severer (Hill Orc Fighter)        Turns: 6055, Time: 00:24:46

Health: -9/70      AC: 10    Str: 19    XL:     9   Next: 50%
Magic:  7/9        EV: 11    Int: 13    God:    Okawaru [***...]
Gold:   166        SH:  0    Dex: 13    Spells: 0 memorised, 8 levels left

rFire  + . .     SeeInvis .     a - +0 war axe
rCold  x . .     Clarity  .     b - +0 scale mail
rNeg   . . .     SustAt   .     c - +0 shield
rPois  .         Gourm    .     I - +0 helmet
rElec  .         Spirit   .     (no cloak)
rCorr  .         Warding  .     j - +0 pair of gloves
rMut   .         Stasis   .     (no boots)
MR     .....                    q - amulet of regeneration
Stlth  ..........               D - ring of flight (curse)
                                x - ring of fire

@: confused, brilliant, lethally poisoned (-9 -> -15), heroism, slowed, very
slow, not resistant to hostile enchantments, extremely unstealthy
A: no striking features
a: Heroism, Renounce Religion, Evoke Flight


You were on level 8 of the Dungeon.
You worshipped Okawaru.
Okawaru was most pleased with you.
You were hungry.

You visited 2 branches of the dungeon, and saw 9 of its levels.

You collected 264 gold pieces.
You spent 98 gold pieces at shops.

Inventory:

Hand Weapons
 a - a +0 war axe (weapon)
Missiles
 v - 13 tomahawks (quivered)
Armour
 b - a +0 scale mail (worn)
 c - a +0 shield (worn)
 j - a +0 pair of gloves (worn)
 I - a +0 helmet (worn)
Magical Staves
 H - an uncursed staff of cold
Jewellery
 q - an amulet of regeneration (around neck)
 u - an uncursed amulet of rage
 x - a ring of fire (left hand)
 A - an uncursed ring of magical power
 D - a cursed ring of flight (right hand)
 L - an uncursed ring of positive energy
Scrolls
 f - 8 scrolls of identify
 g - 3 scrolls of remove curse {unknown}
 h - 3 scrolls of fog {unknown}
 i - 4 scrolls of teleportation {unknown}
 l - a scroll of blinking {unknown}
 m - a scroll of enchant armour {unknown}
 r - a scroll of recharging {unknown}
 y - a scroll of random uselessness {unknown}
 F - a scroll of amnesia {unknown}
 N - a scroll of magic mapping {unknown}
Potions
 d - 2 potions of might
 k - 4 potions of lignification
 p - 4 potions of brilliance
 s - a potion of ambrosia {unknown}
 t - 3 potions of poison {unknown}
 B - 4 potions of curing {unknown}
 C - a potion of heal wounds {unknown}
 E - 2 potions of flight {unknown}
 G - a potion of cancellation {unknown}
 J - a potion of degeneration {unknown}
 M - a potion of berserk rage {unknown}
Comestibles
 e - 5 bread rations
 n - a fruit
 o - 2 royal jellies
 w - a beef jerky
 z - a slice of pizza


   Skills:
 - Level 3.6(8.6) Fighting
 + Level 15.4(20.4) Axes
 - Level 3.2(8.2) Armour
 - Level 3.2(8.2) Shields


You had 8 spell levels left.
You didn't know any spells.

Dungeon Overview and Level Annotations

Branches:
Dungeon (8/15)             Temple (1/1) D:4
   Lair: D:8-11

Altars:
Ashenzari
Cheibriados
Dithmenos
Elyvilon
Fedhas
Gozag
Kikubaaqudgha
Makhleb
Nemelex Xobeh
Okawaru
Qazlal
Ru
Sif Muna
Trog
Vehumet
Xom
Yredelemnul
Zin
The Shining One

Shops:
D:4 *[%(}

Annotations:
D:8 Erica


Message History

You slash something!
You feel sick. You block its attack.
Your shield and scale mail prevent you from hitting something.
You feel very sick. Something hits you.
* * * LOW HITPOINT WARNING * * *
Something burns you.
* * * LOW HITPOINT WARNING * * *
You miss something.
You feel sick. Something hits you!
* * * LOW HITPOINT WARNING * * *
Something burns you.
* * * LOW HITPOINT WARNING * * *
Drink which item? (? for menu, Esc to quit)
It was a potion of brilliance.
You feel clever all of a sudden.
* * * LOW HITPOINT WARNING * * *
You feel very sick.
You hear some strange, mumbled words.
You are confused.
Something hits you!
You die...

.......<..#
.####..###
#..### # #....#
#. #.##.#
.##.#.####.##.#
...........##.#
...###†#####.#
#@# #.#
.......{......#
.............>.
...####.#######
.. #.# ..# #.#
#.#


There were no monsters in sight!

Vanquished Creatures
  Grinder (D:6)
  A hippogriff (D:7)
  An orc warrior (D:7)
  A sky beast (D:7)
  A necrophage (D:7)
  A phantom (D:4)
  A centaur (D:7)
  A big kobold (D:8)
  3 giant frogs
  4 killer bees (D:7)
  A scorpion (D:5)
  4 wights (D:7)
  A jelly (D:7)
  A centaur zombie (D:8)
  A crimson imp (D:6)
  A giant frog zombie (D:7)
  2 giant frog skeletons (D:4)
  3 hounds
  An iguana (D:4)
  5 orc priests
  6 orc wizards
  4 worker ants
  3 hound zombies
  2 hound skeletons
  6 adders
  4 gnolls (D:6)
  A shadow imp (D:6)
  An adder zombie (D:3)
  3 worms
  2 adder skeletons
  5 giant geckos
  18 orcs
  7 goblins
  5 hobgoblins
  17 jackals
  15 kobolds
  5 quokkas
  10 bats
  6 giant cockroaches
  A giant gecko skeleton (D:5)
  7 giant newts
  2 quokka skeletons (D:4)
  7 rats
172 creatures vanquished.

Notes
Turn   | Place    | Note
--------------------------------------------------------------
     0 | D:1      | MenacingMecha the Hill Orc Fighter began the quest for the Orb.
     0 | D:1      | Reached XP level 1. HP: 19/19 MP: 1/1
   220 | D:1      | Reached XP level 2. HP: 19/26 MP: 2/2
   378 | D:1      | Reached skill level 4 in Axes
   582 | D:1      | Reached XP level 3. HP: 21/31 MP: 3/3
  1082 | D:2      | Reached skill level 5 in Axes
  1246 | D:2      | Reached XP level 4. HP: 32/39 MP: 4/4
  1444 | D:2      | Reached skill level 6 in Axes
  1846 | D:3      | Found a bloodstained altar of Trog.
  1946 | D:3      | Reached XP level 5. HP: 45/45 MP: 5/5
  2230 | D:4      | Found Ywkulid's Antique Weapon Shop.
  2269 | D:4      | Found Uxaxa's Gadget Shop.
  2308 | D:4      | Reached skill level 7 in Axes
  2330 | D:4      | Found Umouq's Food Boutique.
  2343 | D:4      | Found a staircase to the Ecumenical Temple.
  2351 | Temple   | Entered the Ecumenical Temple
  2365 | Temple   | Became a worshipper of Warmaster Okawaru
  2536 | D:4      | Reached skill level 8 in Axes
  2663 | D:4      | Reached XP level 6. HP: 51/51 MP: 6/6
  2735 | D:4      | Found Ebeosaok's General Store.
  2742 | D:4      | Bought a scroll of noise for 14 gold pieces
  2742 | D:4      | Bought 2 potions of lignification for 84 gold pieces
  2781 | D:4      | Found Vaqax's Antique Armour Boutique.
  2786 | D:4      | Noticed a phantom
  2810 | D:4      | Killed a phantom
  2872 | D:4      | Found a sacrificial altar of Ru.
  2962 | D:4      | Reached skill level 9 in Axes
  3130 | D:5      | Entered Level 5 of the Dungeon
  3505 | D:5      | Found a burning altar of Makhleb.
  3523 | D:5      | Reached * piety under Okawaru
  3523 | D:5      | Reached XP level 7. HP: 57/57 MP: 7/7
  3789 | D:6      | Reached skill level 10 in Axes
  3908 | D:6      | Noticed Grinder
  3928 | D:6      | Killed Grinder
  3928 | D:6      | Reached skill level 11 in Axes
  3928 | D:6      | Reached XP level 8. HP: 30/64 MP: 6/8
  4338 | D:6      | Reached skill level 12 in Axes
  4505 | D:6      | Reached ** piety under Okawaru
  4912 | D:7      | Reached skill level 13 in Axes
  5112 | D:7      | Reached skill level 14 in Axes
  5112 | D:7      | Reached XP level 9. HP: 25/70 MP: 7/9
  5531 | D:7      | HP: 3/70 [poisoned by a killer bee]
  5536 | D:7      | HP: 2/70 [poisoned by a killer bee]
  5542 | D:7      | HP: 3/70 [poisoned by a killer bee]
  5685 | D:7      | Reached skill level 15 in Axes
  5947 | D:7      | Reached *** piety under Okawaru
  6040 | D:8      | Noticed Erica
  6054 | D:8      | HP: 3/70 [something (1)]
  6055 | D:8      | HP: 1/70 [poisoned by Erica (bolt of poison)]
  6055 | D:8      | Mangled by Erica

Action                   |  1- 3 |  4- 6 |  7- 9 || total
-------------------------+-------+-------+-------++-------
Melee: War axe           |   102 |   225 |   304 ||   631
Invok: Heroism           |       |       |     4 ||     4
  Use: Scroll            |       |     1 |       ||     1
       Potion            |       |       |     2 ||     2
 Stab: Invisible         |       |       |     2 ||     2
  Eat: Chunk             |     1 |     8 |    11 ||    20
